 Dungeon Crawl Stone Soup version 0.23.2 (webtiles) character file.

Game seed: 6059427494718953594

482 Goblin1989 the Ruffian (level 6, -6/48 HPs)
             Began as a Demonspawn Abyssal Knight on Apr 3, 2019.
             Was a Believer of Lugonu.
             Mangled by a yak (9 damage)
             ... on level 5 of the Dungeon on Apr 4, 2019.
             The game lasted 00:06:56 (5332 turns).

Goblin1989 the Ruffian (Demonspawn Abyssal Knight)  Turns: 5332, Time: 00:06:57

Health: -6/48      AC: 15    Str: 14    XL:     6   Next: 87%
Magic:  7/7        EV:  9    Int: 15    God:    Lugonu [**....]
Gold:   255        SH:  0    Dex: 13    Spells: 5/5 levels left

rFire    . . .     SeeInvis .     - Unarmed
rCold    . . .     Gourm    .   (no shield)
rNeg     . . .     Faith    .   h - +0 scale mail
rPois    .         Spirit   .   G - +0 helmet
rElec    .         Reflect  .   (no cloak)
rCorr    .         Harm     .   K - +1 pair of gloves
MR       .....                  (no boots)
Stlth    ..........             (no amulet)
HPRegen  0.16/turn              C - +2 ring of intelligence (curse)
MPRegen  0.10/turn              l - ring of flight

@: sanguine armour
A: claws 1, powered by death 1, sanguine armour 1
a: Depart the Abyss, Bend Space, Renounce Religion, Evoke Flight


You were on level 5 of the Dungeon.
You worshipped Lugonu.
Lugonu was pleased with you.
You were not hungry.

You visited 1 branch of the dungeon, and saw 5 of its levels.
You visited the Abyss 1 time.

You collected 255 gold pieces.

Inventory:

Hand Weapons
 a - a +1 spear
 f - a +0 arbalest
 w - a +0 blowgun {@w1}
 A - a +0 halberd
Missiles
 y - 50 bolts
 B - 4 needles of sleeping
Armour
 b - a +0 leather armour
 h - a +0 scale mail (worn)
 G - a +0 helmet (worn)
 K - a +1 pair of gloves (worn)
Jewellery
 l - a ring of flight (right hand)
 C - a cursed +2 ring of intelligence (left hand)
 H - a +4 ring of intelligence
Wands
 g - a wand of paralysis (3) {@v7}
Scrolls
 m - a scroll of fear {unknown}
 r - 4 scrolls of teleportation {unknown}
 s - 3 scrolls of identify {unknown}
 u - a scroll of magic mapping {unknown}
 z - a scroll of immolation {unknown}
 E - a scroll of remove curse {unknown}
 J - a scroll of noise {unknown}
 O - a scroll of amnesia {unknown}
 P - a scroll of enchant weapon {unknown}
 Q - a scroll of summoning {unknown}
Potions
 i - 4 potions of curing {unknown}
 j - a potion of brilliance {unknown}
 o - 3 potions of resistance {unknown}
 p - 2 potions of heal wounds {unknown}
 q - a potion of berserk rage {unknown}
 x - a potion of haste {unknown}
 F - a potion of might {unknown}
 L - a potion of lignification {unknown}
 N - 2 potions of degeneration {unknown}
Comestibles
 e - 8 rations
 M - a chunk of flesh


   Skills:
 + Level 4.0 Fighting
 - Level 4.0 Polearms
 + Level 2.5 Armour
 - Level 0.8 Dodging
 * Level 4.3 Unarmed Combat
 - Level 2.4 Invocations


You had 5 spell levels left.
You didn't know any spells.
Your spell library contained the following spells:

 Spells                   Type           Power        Failure   Level  Hunger
 Animate Skeleton         Necr           N/A          75%         1    ##.....
 Apportation              Tloc           #.....       75%         1    ##.....
 Confusing Touch          Hex            #.....       75%         1    ##.....
 Summon Small Mammal      Summ           #...         75%         1    ##.....


Dungeon Overview and Level Annotations

Branches:
Dungeon (5/15)
 Temple: D:4-7

Altars:
Dithmenos
Vehumet
Xom


Innate Abilities, Weirdness & Mutations

You have sharp fingernails.
You regenerate a little health from kills.
When seriously injured, your bleeding wounds create armour. (AC +6)


Message History

You take 8 damage, and have 24/48 hp.
You are too injured to fight recklessly!
You are too injured to fight recklessly!
You are too injured to fight recklessly!
You are too injured to fight recklessly!
You are too injured to fight recklessly!
You are too injured to fight recklessly!
You are too injured to fight recklessly!
You are too injured to fight recklessly!
You are too injured to fight recklessly!
You are too injured to fight recklessly!
You are too injured to fight recklessly!
You are too injured to fight recklessly!
You are too injured to fight recklessly!
You are too injured to fight recklessly!
You are too injured to fight recklessly!
You are too injured to fight recklessly!
You are too injured to fight recklessly!
You are too injured to fight recklessly!
You are too injured to fight recklessly!
You are too injured to fight recklessly!
You are too injured to fight recklessly!
You are too injured to fight recklessly!
You are too injured to fight recklessly!
You are too injured to fight recklessly!
You are too injured to fight recklessly!
You are too injured to fight recklessly!
You are too injured to fight recklessly!
You hit the centaur.
The centaur is heavily wounded.
The centaur closely misses you.
A leopard gecko comes into view.
The centaur hits you.
The leopard gecko moves out of view.
You hit the centaur.
The centaur is severely wounded.
The centaur closely misses you.
The centaur hits you but does no damage.
You closely miss the centaur.
The centaur is severely wounded.
The centaur closely misses you.
The centaur hits you but does no damage.
You hit the centaur.
The centaur is severely wounded.
The centaur closely misses you.
A yak comes into view.
The centaur closely misses you.
A yak comes into view.
The yak bellows!
You hit the centaur but do no damage.
The centaur is severely wounded.
The centaur misses you. The centaur hits you!
* * * LOW HITPOINT WARNING * * *
You take 7 damage, and have 17/48 hp.
You puncture the centaur!
You kill the centaur!
Lugonu accepts your kill.
Your Fighting skill increases to level 4!
You regained 2 hp, and now have 19/48 hp.
You don't know any spells.
You don't know any spells.
Unknown command.
You don't know any spells.
Wield which item (- for none, * to show all)? (? for menu, Esc to quit)
You are now empty-handed.
You barely miss the yak. The yak gores you.
You take 2 damage, and have 22/48 hp.
You hit the yak but do no damage. The yak gores you but does no damage.
You hit the yak but do no damage. The yak misses you.
You hit the yak but do no damage. The yak gores you but does no damage.
You closely miss the yak. The yak gores you.
* * * LOW HITPOINT WARNING * * *
You take 4 damage, and have 18/48 hp.
You hit the yak.
The yak is lightly wounded.
The yak gores you!
* * * LOW HITPOINT WARNING * * *
You take 11 damage, and have 7/48 hp.
MASSIVE DAMAGE!!
You barely miss the yak.
The yak is lightly wounded.
You hit the yak but do no damage.
The yak is lightly wounded.
The yak closely misses you.
You closely miss the yak.
The yak is lightly wounded.
The yak gores you.
* * * LOW HITPOINT WARNING * * *
You take 5 damage, and have 2/48 hp.
You hit the yak.
The yak is moderately wounded.
The yak gores you but does no damage.
You hit the yak.
The yak is moderately wounded.
The yak completely misses you.
You hit the yak but do no damage.
The yak is moderately wounded.
The yak gores you but does no damage.
Your scale mail prevents you from hitting the yak.
The yak is moderately wounded.
The yak gores you!
You die... █.█ ██▲█ █.█ ███.... █.█ █.()... █████.█ █Y█.... ......█ ███.███▲█ ███████ █...█ █ █ ████Y███ █ █.████████.██...█ █ █...@YY...█.█..██ █ ████████...█...██ ████████

.......██..[█
.......█
████...█...██
██████.██
█.......█ ██...██
█.......█
████.....█
█.███████........█
.........█
█>......█......███
████.....█
████.█......█


You could see 2 yaks.

Vanquished Creatures
  A centaur (D:5)
  A water moccasin skeleton (D:5)
  A crimson imp (D:2)
  2 hounds
  A centaur skeleton (D:4)
  An orc priest (D:3)
  A killer bee zombie (D:5)
  A hound skeleton (D:4)
  Robin (D:3)
  3 gnolls (D:2)
  A howler monkey skeleton (D:5)
  An adder (D:2)
  2 oozes
  4 worms (D:2)
  A dart slug (D:1)
  2 leopard geckos
  8 orcs
  6 bats
  6 giant cockroaches
  12 goblins
  8 hobgoblins
  2 jackals (D:4)
  A quokka (D:3)
  5 frilled lizards
  5 kobolds
  7 rats
84 creatures vanquished.

Notes
Turn   | Place    | Note
-------+----------+-------------------------------------------
     0 | Abyss:1  | Goblin1989 the Demonspawn Abyssal Knight began the quest
                  | for the Orb.
     0 | Abyss:1  | Reached XP level 1. HP: 18/18 MP: 2/2
    19 | Abyss:2  | Noticed a tormentor
    24 | D:1      | Escaped the Abyss
   423 | D:1      | Gained mutation: You regenerate a little health from kills.
                  | [demonic ancestry]
   423 | D:1      | Reached XP level 2. HP: 16/24 MP: 3/3
   755 | D:1      | Reached * piety under Lugonu
  1301 | D:2      | Noticed a crimson imp
  1370 | D:2      | HP: 1/24 [crimson imp (3)]
  1374 | D:2      | Killed a crimson imp
  1374 | D:2      | Reached XP level 3. HP: 1/29 MP: 4/4
  1698 | D:2      | Gained mutation: You have sharp fingernails. [demonic
                  | ancestry]
  1698 | D:2      | Reached XP level 4. HP: 8/35 MP: 5/5
  2316 | D:2      | Found a radiant altar of Vehumet.
  2344 | D:2      | Reached skill level 1 in Unarmed Combat
  2407 | D:2      | Found a shadowy altar of Dithmenos.
  2703 | D:2      | Reached XP level 5. HP: 29/41 MP: 6/6
  2805 | D:2      | Found a shimmering altar of Xom.
  2806 | D:2      | Found a shimmering altar of Xom.
  3596 | D:3      | Noticed Robin
  3602 | D:3      | Reached ** piety under Lugonu
  3628 | D:3      | Killed Robin
  4757 | D:4      | Gained mutation: When seriously injured, your bleeding
                  | wounds create armour. (AC +6) [demonic ancestry]
  4757 | D:4      | Reached XP level 6. HP: 47/47 MP: 7/7
  4795 | D:5      | Entered Level 5 of the Dungeon
  5298 | D:5      | Noticed a yak
  5298 | D:5      | Noticed a yak
  5328 | D:5      | HP: 2/48 [yak (5)]
  5332 | D:5      | Mangled by a yak

Skill      XL: |  1  2  3  4  5  6 |
---------------+-------------------+-----
Polearms       | 2 3 4 |  4.0
Unarmed Combat | 2 3 4 |  4.3
Armour         | 2 |  2.5
Fighting       | 4 |  4.0
Dodging        | |  0.8
Invocations    | |  2.4

Action                   |  1- 3 |  4- 6 || total
-------------------------+-------+-------++-------
Melee: Spear             |   152 |    49 ||   201
       Halberd           |       |   186 ||   186
       Unarmed           |       |    13 ||    13
Invok: Depart the Abyss  |     1 |       ||     1
  Eat: Chunk             |     2 |    12 ||    14
Armor: Leather armour    |    27 |    18 ||    45
       Scale mail        |       |    72 ||    72
Dodge: Dodged            |    51 |   122 ||   173

Levels and vault maps discovered:
D:1:      minmay_arrival_plants_in_alcoves, layout_basic
D:2:      layout_basic, old_standard_altar,
          nicolae_dithmenos_through_a_glass_darkly, xom_redecorated
D:3:      layout_basic, uniq_robin
D:4:      layout_rooms, first_ration, uniq_eustachio
D:5:      layout_loops_ring, grunt_temple_overflow_holy_war
Abyss:1
Abyss:2
